 Dungeon Crawl Stone Soup version 0.20.0-1-g1cb1d84 (webtiles) character file.

522 Gorglomux the Cleaver (level 7, 0/56 HPs)
             Began as a Hill Orc Warper on May 27, 2017.
             Slain by Pikel
             ... wielding a +2 whip of freezing
              (3 damage)
             ... on level 4 of the Dungeon.
             The game lasted 00:05:01 (4308 turns).

Gorglomux the Cleaver (Hill Orc Warper)             Turns: 4308, Time: 00:05:02

Health: 0/56       AC:  6    Str: 15    XL:     7   Next: 22%
Magic:  9/9        EV: 12    Int: 13    God:
Gold:   270        SH:  0    Dex: 14    Spells: 9/9 levels left

rFire    . . .     SeeInvis .   V - +0 whip (elec)
rCold    . . .     Gourm    .   (no shield)
rNeg     . . .     Faith    .   b - +0 leather armour
rPois    +         Spirit   .   E - +0 helmet
rElec    .         Reflect  .   (no cloak)
rCorr    .         Harm     .   O - +0 pair of gloves
MR       .....                  F - +0 pair of boots (curse)
Stlth    +.........             I - amulet of magic regeneration
Regen    0.2/turn               o - ring of poison resistance
MPRegen  0.2/turn               P - +3 ring of dexterity

@: no status effects
A: no striking features
a: no special abilities


You were on level 4 of the Dungeon.
You were not hungry.

You visited 1 branch of the dungeon, and saw 4 of its levels.
You also visited: Sewer.

You collected 270 gold pieces.

Inventory:

Hand Weapons
 a - a +0 hand axe
 V - a +0 whip of electrocution (weapon)
Missiles
 e - 3 tomahawks of dispersal (quivered)
Armour
 b - a +0 leather armour (worn)
 E - a +0 helmet (worn)
 F - a cursed +0 pair of boots (worn)
 O - a +0 pair of gloves (worn)
Jewellery
 o - a ring of poison resistance (left hand)
 I - an amulet of magic regeneration (around neck)
 P - a +3 ring of dexterity (right hand)
Scrolls
 B - 2 scrolls of blinking
 D - 6 scrolls of identify {unknown}
 H - a scroll of fear {unknown}
 M - a scroll of enchant weapon {unknown}
 R - a scroll of random uselessness {unknown}
 S - 2 scrolls of teleportation {unknown}
 U - a scroll of fog {unknown}
 Y - a scroll of magic mapping {unknown}
Potions
 G - 2 potions of might {unknown}
 K - 2 potions of agility
 L - 5 potions of flight {unknown}
 N - a potion of ambrosia {unknown}
 Q - a potion of cancellation {unknown}
 T - 7 potions of heal wounds {unknown}
 W - a potion of brilliance
 X - a potion of resistance {unknown}
 Z - 2 potions of curing {unknown}
Books
 c - a book of Spatial Translocations

   Spells                             Type                      Level
   a - Blink                          Translocation                2
   b - Shroud of Golubria             Charms/Translocation         2
   c - Lesser Beckoning               Translocation                3
   d - Gell's Gravitas                Translocation                3
   e - Teleport Other                 Translocation                3
   f - Passage of Golubria            Translocation                4


   Skills:
 - Level 2.4 Fighting
 + Level 10.0 Axes
 - Level 0.8 Throwing
 - Level 1.1 Armour
 - Level 1.5 Dodging
 - Level 1.5 Spellcasting
   Level 2.4 Translocations


You had 9 spell levels left.
You didn't know any spells.

Dungeon Overview and Level Annotations

Branches:
Dungeon (4/15)
 Temple: D:4-7

Altars:
Elyvilon

Annotations:
D:4 Pikel


Message History

You are too injured to fight recklessly!
You are too injured to fight recklessly!
You are too injured to fight recklessly!
You are too injured to fight recklessly!
You are too injured to fight recklessly!
Unknown command.
You hit Pikel but do no damage. Lightning courses through Pikel!
Pikel is heavily wounded.
You whack Pikel!
Pikel is severely wounded.
Pikel hits you with a whip of freezing.
* * * LOW HITPOINT WARNING * * *
Pikel freezes you.
* * * LOW HITPOINT WARNING * * *
You miss Pikel.
Pikel is severely wounded.
Pikel hits you with a whip of freezing!
* * * LOW HITPOINT WARNING * * *
Pikel freezes you.
You die...

##..#..≈#..##
########. ##.......##
#. ###..#### #÷
#.################ #.
##.......).....÷..# #.
####...#############.#
#. #.........?# #.# #.
#.##...###.# #.# #. #
##.## #@# #.#####(
...# #K# #.......
##### #p# ######## #p#
#.# ..# ###


You could see Pikel and 2 slaves.

Vanquished Creatures
  Sigmund (D:3)
  2 slaves (D:4)
  2 orc priests (D:3)
  An iguana (D:4)
  7 gnolls
  6 adders
  6 oozes
  A dart slug (D:1)
  5 leopard geckos
  7 orcs
  5 ball pythons
  6 giant cockroaches
  11 goblins
  11 hobgoblins
  4 jackals (D:3)
  12 bats
  4 frilled lizards
  23 kobolds
  A leopard gecko skeleton (D:4)
  12 rats
127 creatures vanquished.

Notes
Turn   | Place    | Note
-------+----------+-------------------------------------------
     0 | D:1      | Gorglomux the Hill Orc Warper began the quest for the Orb.
     0 | D:1      | Reached XP level 1. HP: 18/18 MP: 3/3
    46 | D:1      | Reached skill level 3 in Axes
    95 | D:1      | Reached XP level 2. HP: 16/25 MP: 4/4
   270 | D:1      | Reached skill level 4 in Axes
   453 | D:1      | Reached XP level 3. HP: 30/30 MP: 5/5
   947 | D:2      | Reached skill level 5 in Axes
  1320 | D:2      | Reached XP level 4. HP: 21/37 MP: 6/6
  1575 | D:2      | Reached skill level 6 in Axes
  2148 | D:2      | Reached XP level 5. HP: 34/42 MP: 7/7
  2330 | D:2      | Reached skill level 7 in Axes
  2739 | D:3      | Found a white marble altar of Elyvilon.
  3159 | D:3      | Reached skill level 8 in Axes
  3159 | D:3      | Reached XP level 6. HP: 23/50 MP: 8/8
  3422 | D:3      | Noticed Sigmund
  3454 | D:3      | Killed Sigmund
  3454 | D:3      | Reached skill level 9 in Axes
  3653 | D:3      | Reached XP level 7. HP: 53/56 MP: 9/9
  3993 | D:4      | Found a glowing drain.
  4008 | Sewer    | Entered a sewer
  4196 | Sewer    | Reached skill level 10 in Axes
  4289 | D:4      | Noticed Pikel
  4308 | D:4      | Slain by Pikel

Skill      XL: |  1  2  3  4  5  6  7 |
---------------+----------------------+-----
Axes           | 3 4 5 6 8 9 10 | 10.0
Fighting       | |  2.4
Throwing       | |  0.8
Armour         | |  1.1
Dodging        | |  1.5
Spellcasting   | |  1.5
Translocations | |  2.4

Action                   |  1- 3 |  4- 6 |  7- 9 || total
-------------------------+-------+-------+-------++-------
Melee: Hand axe          |   114 |    93 |       ||   207
       Whip              |       |   117 |   100 ||   217
Throw: Tomahawk          |     1 |     1 |       ||     2
  Use: Potion            |       |     2 |       ||     2
 Stab: Sleeping          |     1 |       |     1 ||     2
  Eat: Chunk             |     1 |     3 |     3 ||     7
       Bread ration      |       |     1 |       ||     1
Armor: Leather armour    |    53 |    46 |    22 ||   121
Dodge: Dodged            |    78 |   116 |    44 ||   238
